 Dungeon Crawl Stone Soup version 0.30-a0-1160-g6e42c06551 (webtiles) character file.

Game seed: 10492036049057308063

96 xian the Sneak (level 4, -8/21 HPs)
             Began as a Vine Stalker Enchanter on Apr 26, 2023.
             Splashed by a jelly's acid (9 damage)
             ... on level 3 of the Dungeon on Apr 27, 2023.
             The game lasted 00:05:37 (1902 turns).

xian the Sneak (Vine Stalker Enchanter)             Turns: 1902, Time: 00:05:37

Health: -8/21      AC:  0    Str: 10    XL:     4   Next: 67%
Magic:  0/8        EV: 11    Int: 17    God:
Gold:   157        SH:  3    Dex: 15    Spells: 5/7 levels left

rFire   + . .        a - +1 dagger
rCold   x . .        l - +0 buckler
rNeg    . . .        r - +0 leather armour
rPois   .            (no helmet)
rElec   .            (no cloak)
rCorr   .            (no gloves)
SInv    .            o - +0 pair of boots
Will    .....        (no amulet)
Stlth   +++          m - ring of fire
HPRegen 1.03/turn    (no ring)
MPRegen 0.11/turn

%: guardian spirit
@: corroded
A: fangs 2, regeneration 1, magic shield, antimagic bite, no potion heal 2
a: no special abilities


You were on level 3 of the Dungeon.
You visited 1 branch of the dungeon, and saw 3 of its levels.

You collected 157 gold pieces.

Inventory:

Hand Weapons
 a - a +1 dagger (weapon)
Missiles
 j - 5 boomerangs (quivered)
 p - 20 stones
Armour
 l - a +0 buckler (worn)
 o - a +0 pair of boots (worn)
 r - a +0 leather armour (worn)
Magical Staves
 q - a staff of cold
Jewellery
 m - a ring of fire (left hand)
Scrolls
 d - a scroll of teleportation {unknown}
 e - 2 scrolls of amnesia {unknown}
 i - 5 scrolls of identify {unknown}
Potions
 c - 2 potions of invisibility
 f - a potion of attraction {unknown}
 g - a potion of heal wounds
 h - 2 potions of curing {unknown}
 k - a potion of haste {unknown}
 n - a potion of lignification {unknown}


   Skills:
 + Level 0.5 Fighting
 + Level 1.2 Short Blades
 + Level 1.9 Dodging
 + Level 5.1 Stealth
 + Level 2.4 Spellcasting
 + Level 3.6 Hexes
 + Level 0.3 Ice Magic


You had 5 spell levels left.
You knew the following spells:

 Your Spells              Type           Power      Damage    Failure   Level
a - Ensorcelled Hibernat  Hex/Ice        16%        N/A       26%         2

Your spell library contained the following spells:

 Spells                   Type           Power      Damage    Failure   Level
 Slow                     Hex            56%        N/A       9%          1
 Confusing Touch          Hex            14%        N/A       26%         3
 Tukima's Dance           Hex            14%        N/A       26%         3
 Dazzling Flash           Conj/Hex       16%        N/A       47%         3
 Vampiric Draining        Necr           2%         2d6       75%         3


Dungeon Overview and Level Annotations

Branches:
Dungeon (3/15)

Altars:


Innate Abilities, Weirdness & Mutations

You have extremely sharp teeth.
Your natural rate of healing is unusually fast.
When hurt, damage is shared between your health and your magic reserves.
Your bite disrupts and absorbs the magic of your enemies.
Potions cannot restore your health.


Message History

The endoplasm barely misses you.
You hit the endoplasm. Your bite misses the endoplasm.
The endoplasm is heavily wounded.
You hit the endoplasm but do no damage. Your bite misses the endoplasm.
The endoplasm is heavily wounded.
The endoplasm hits you but does no damage.
You hit the endoplasm. Your bite misses the endoplasm.
The endoplasm is almost dead.
The endoplasm hits you.
You hit the endoplasm.
You kill the endoplasm!
You hit the jelly.
Your hands burn!
The jelly is lightly wounded.
You block the jelly's attack.
You hit the jelly.
Your hands burn!
Your bite misses the jelly.
The jelly is lightly wounded.
The jelly closely misses you.
You hit the jelly.
Your hands burn!
You bite the jelly. You drain its power.
You feel invigorated.
The jelly is heavily wounded.
You block the jelly's attack.
You hit the jelly. The acid corrodes you!
Your hands burn!
You bite the jelly, but do no damage.
The jelly is heavily wounded.
The jelly barely misses you.
You hit the jelly but do no damage.
Your hands burn!
* * * LOW HITPOINT WARNING * * *
You bite the jelly. You drain its power.
You feel invigorated.
The jelly is heavily wounded.
The jelly hits you.
* * * LOW HITPOINT WARNING * * *
You are splashed with acid.
* * * LOW HITPOINT WARNING * * *
Okay, then.
It was a potion of heal wounds.
That seemed strangely inert.
The jelly closely misses you. The jelly attacks as you move away!
The jelly hits you.
* * * LOW HITPOINT WARNING * * *
You are splashed with acid!
You die...

#..### ##########
...# #.÷......? ...#
#..J..P÷P÷ ...#
#.J..÷..PJ
#..#####.##...PJ...J
#........##.J..÷..P.
#..#####.##......J..
.).##....###'#######
......<..#
##.JJ@..##
.........#
########.#
#........#
#....'..##
#..##....# #....####
#..##.....##.......#
#..##.....##.......#
...>...#####.......#
......## #.......#
......## ##.....##


You could see a jelly and an endoplasm.

Vanquished Creatures
  Jessica (D:3)
  An adder (D:2)
  A worm (D:2)
  2 dart slugs (D:2)
  4 bats
  6 endoplasms
  A giant cockroach (D:2)
  3 goblins
  4 hobgoblins
  14 kobolds
  5 quokkas
  5 ball pythons
  3 frilled lizards
  3 rats
53 creatures vanquished.

Vanquished Creatures (others)
  11 toadstools (D:3)
11 creatures vanquished.

Grand Total: 64 creatures vanquished

Notes
Turn   | Place    | Note
-------+----------+-------------------------------------------
     0 | D:1      | xian the Vine Stalker Enchanter began the quest for the
                  | Orb.
     0 | D:1      | Reached XP level 1. HP: 9/9 MP: 4/4
   182 | D:1      | Reached skill level 4 in Stealth
   221 | D:1      | Reached XP level 2. HP: 13/13 MP: 6/6
   431 | D:1      | Learned a level 2 spell: Ensorcelled Hibernation
   790 | D:2      | Reached XP level 3. HP: 16/16 MP: 7/7
   902 | D:2      | Reached skill level 1 in Short Blades
  1454 | D:3      | Noticed Jessica
  1462 | D:3      | Killed Jessica
  1463 | D:3      | Gained mutation: Your natural rate of healing is unusually
                  | fast. [Vine Stalker growth]
  1463 | D:3      | Reached XP level 4. HP: 16/21 MP: 0/8
  1469 | D:3      | Reached skill level 5 in Stealth
  1902 | D:3      | HP: 1/21 [jelly (2)]
  1902 | D:3      | Splashed by a jelly's acid

Illustrated notes

Levels and vault maps discovered:
D:1:      eino_arrival_water_cross, layout_basic, hex_tiny
D:2:      layout_loops_ring, wander_ebering_terrifying_dragon_lair
D:3:      cheibrodos_fertilizer, layout_loops_ring, dk_vineyard_3, nrook_uturn,
          minmay_quadrilaterals, uniq_crazy_yiuf_cottage, uniq_terence,
          uniq_jessica

Skill      XL: |  1  2  3  4 |
---------------+-------------+-----
Stealth        | 4 5 |  5.1
Short Blades   | 1 |  1.2
Fighting       | |  0.5
Dodging        | |  1.9
Spellcasting   | |  2.4
Hexes          | |  3.6
Ice Magic      | |  0.3

Action                     |  1- 3 |  4- 6 || total
---------------------------+-------+-------++-------
  Melee: Dagger            |    91 |    59 ||   150
         Bite              |    19 |    19 ||    38
   Cast: Ensorcelled Hiber |     9 |     1 ||    10
    Use: Potion            |       |     1 ||     1
   Stab: Sleeping          |    14 |     2 ||    16
 Armour: Robe              |    12 |     5 ||    17
         Leather armour    |       |     4 ||     4
  Dodge: Dodged            |    45 |    29 ||    74
  Block: Buckler           |       |    11 ||    11

Table legend: (Time is in decaauts)
 A = Elapsed time spent in this place.
 B = Non-inter-level travel time spent in this place.
 C = Inter-level travel time spent in this place.
 D = Time resting spent in this place.
 E = Time spent auto-exploring this place.
 F = Levels seen in this place.
 G = Mean time per level.
                   A        B        C        D        E       F      G
               +--------+--------+--------+--------+--------+-----+--------+
         Total |   1896 |   1833 |     63 |     11 |   1204 |   3 |  632.0 |
       Dungeon |   1896 |   1833 |     63 |     11 |   1204 |   3 |  632.0 |
               +--------+--------+--------+--------+--------+-----+--------+

Top non-repeatable levels by time:
     D:2: 879 daAuts
     D:1: 568 daAuts
     D:3: 448 daAuts
